 Dungeon Crawl Stone Soup version 0.28-a0-1613-gdaab1c2f9b (webtiles) character file.

Game seed: 8527532054077460374

74 meatgazer the Distorting Demonspawn (level 4, -1/37 HPs)
             Began as a Demonspawn Abyssal Knight on Jan 21, 2022.
             Was a Believer of Lugonu.
             Slain by Grinder (6 damage)
             ... while paralysed by Grinder
             ... on level 3 of the Dungeon.
             The game lasted 00:03:15 (2401 turns).

meatgazer the Distorting Demonspawn (DsAK)          Turns: 2401, Time: 00:03:16

Health: -1/37      AC:  3    Str: 15    XL:     4   Next: 10%
Magic:  6/6        EV:  2    Int: 12    God:    Lugonu [**....]
Gold:   117        SH:  0    Dex: 19    Spells: 3/3 levels left

rFire   . . .      SeeInvis .   a - +2 falchion
rCold   . . .      Faith    .   (no shield)
rNeg    . . .      Spirit   .   b - +0 leather armour
rPois   .          Reflect  .   (no helmet)
rElec   .          Harm     .   (no cloak)
rCorr   .          Rampage  .   (no gloves)
Will    .....                   (no boots)
Stlth   +.........              e - amulet of regeneration
HPRegen 0.92/turn               c - +6 ring of dexterity
MPRegen 0.10/turn               (no ring)

@: paralysed
A: foul stench 1, weakness stinger 1
a: Renounce Religion, Depart the Abyss, Bend Space


You were on level 3 of the Dungeon.
You worshipped Lugonu.
Lugonu was pleased with you.
You visited 1 branch of the dungeon, and saw 3 of its levels.
You visited the Abyss 1 time.

You collected 117 gold pieces.

Inventory:

Hand Weapons
 a - a +2 falchion (weapon)
Missiles
 d - 2 throwing nets
Armour
 b - a +0 leather armour (worn)
Jewellery
 c - a +6 ring of dexterity (left hand)
 e - an amulet of regeneration (around neck)
 f - an amulet of magic regeneration
Potions
 h - a potion of brilliance


   Skills:
 + Level 3.8 Fighting
 + Level 2.7 Long Blades
 - Level 1.7 Armour
 - Level 0.8 Dodging
 + Level 3.8 Invocations


You had 3 spell levels left.
You didn't know any spells.
Your spell library was empty.

Dungeon Overview and Level Annotations

Branches:
Dungeon (3/15)

Altars:

Annotations:
D:3 Grinder


Innate Abilities, Weirdness & Mutations

You may rarely emit foul miasma when damaged in melee.
You have a small tail.


Message History

Grinder shouts!
Grinder blinks!
No target in view!
A rat comes into view.
Found 10 gold pieces and 3 scrolls labelled CYSHOM BAET.
A kobold comes into view.
It is wielding a +0 club and quivering poisoned darts.
You hit the rat.
You kill the rat!
Lugonu accepts your kill. The kobold hits you but does no damage.
You hit the kobold.
You kill the kobold!
Lugonu accepts your kill.
No target in view!
Things that are here:
a +0 club; 5 poisoned darts; a kobold corpse Grinder is nearby!
Grinder blinks!
Grinder grins, showing sharp teeth.
Grinder closely misses you.
You barely miss Grinder. Grinder barely misses you.
You closely miss Grinder. Grinder hits you.
You barely miss Grinder. You tail-slap Grinder.
Grinder is lightly wounded.
Grinder completely misses you.
You slash Grinder!
Grinder is moderately wounded.
Grinder barely misses you.
You hit Grinder. You tail-slap Grinder.
Grinder is moderately wounded.
Grinder gestures at you.
You suddenly lose the ability to move!
Grinder hits you. Grinder barely misses you. Grinder hits you.
You writhe in agony.
Grinder hits you.
You writhe in agony.
Grinder hits you.
You writhe in agony.
Grinder hits you!
* * * LOW HITPOINT WARNING * * *
You writhe in agony.
You die...

### .# #.#
#####.##### #.###
#.. ......# #...#
#.# ......# ###.#
#)# ...$..# #.#
###.##......#####.#
#..†..### #.....#
#.......# #....###
#...@.#.# #....'.+
#...5.#.# #....###
#.....#.#####.##.#
#.....#.....#.##.#
###########.#.##)#
#.#.##.# #.#.##.#
######.#..#.#
...........#.#


You could see Grinder.

Vanquished Creatures
  2 adders (D:2)
  4 orcs (D:3)
  4 ball pythons
  3 bats
  4 endoplasms
  A giant cockroach (D:1)
  7 goblins
  2 hobgoblins (D:1)
  6 jackals (D:1)
  6 kobolds
  A quokka (D:2)
  7 rats
47 creatures vanquished.

Notes
Turn   | Place    | Note
-------+----------+-------------------------------------------
     0 | Abyss:1  | meatgazer the Demonspawn Abyssal Knight began the quest for
                  | the Orb.
     0 | Abyss:1  | Reached XP level 1. HP: 18/18 MP: 2/2
    70 | Abyss:3  | Found an iron altar of Okawaru.
    72 | Abyss:3  | Noticed a small abomination
    72 | Abyss:3  | Noticed a wretched star
    75 | Abyss:3  | Found a corrupted altar of Lugonu.
    99 | Abyss:3  | Noticed a large abomination
   118 | Abyss:3  | Noticed an ettin skeleton
   119 | Abyss:3  | Noticed an ettin
   119 | Abyss:3  | Noticed a silent spectre
   120 | Abyss:3  | Noticed a thrashing horror
   120 | Abyss:3  | Noticed an ettin skeleton
   120 | Abyss:3  | Noticed a starcursed mass
   127 | D:1      | Escaped the Abyss
   677 | D:1      | Gained mutation: You may rarely emit foul miasma when
                  | damaged in melee. [demonic ancestry]
   677 | D:1      | Reached XP level 2. HP: 21/24 MP: 4/4
   801 | D:1      | Reached * piety under Lugonu
  1253 | D:1      | Found a faded altar of an unknown god.
  1266 | D:1      | Reached XP level 3. HP: 26/29 MP: 5/5
  1760 | D:2      | Reached ** piety under Lugonu
  2023 | D:3      | Gained mutation: You have a small tail. [demonic ancestry]
  2023 | D:3      | Reached XP level 4. HP: 10/37 MP: 6/6
  2366 | D:3      | Noticed Grinder
  2396 | D:3      | Paralysed by Grinder for 7 turns
  2401 | D:3      | Slain by Grinder

Illustrated notes

Levels and vault maps discovered:
D:1:      eino_arrival_cavern_b, layout_basic, basic_ecumenical_altar,
          serial_bayou_pond_d, serial_park_tiny_2
D:2:      layout_loops_cross
D:3:      layout_basic, nicolae_ashenzari_skybound, skrybe_limestone_x,
          uniq_grinder

Skill      XL: |  1  2 |
---------------+-------+-----
Long Blades    | 2 |  2.7
Invocations    | 3 |  3.8
Fighting       | |  3.8
Armour         | |  1.7
Dodging        | |  0.8

Action                   |  1- 3 |  4- 6 || total
-------------------------+-------+-------++-------
Melee: Falchion          |   106 |    12 ||   118
       Tailslap          |       |     2 ||     2
Invok: Depart the Abyss  |     1 |       ||     1
  Use: Scroll            |     7 |       ||     7
 Stab: Sleeping          |     4 |       ||     4
Armor: Leather armour    |    42 |     2 ||    44
Dodge: Dodged            |    74 |     6 ||    80

Table legend: (Time is in decaauts)
 A = Elapsed time spent in this place.
 B = Non-inter-level travel time spent in this place.
 C = Inter-level travel time spent in this place.
 D = Time resting spent in this place.
 E = Time spent auto-exploring this place.
 F = Levels seen in this place.
 G = Mean time per level.
                   A        B        C        D        E       F      G
               +--------+--------+--------+--------+--------+-----+--------+
         Total |   2427 |   2380 |     47 |    812 |   1182 |   6 |  404.5 |
       Dungeon |   2299 |   2252 |     47 |    812 |   1120 |   3 |  766.3 |
         Abyss |    128 |    128 |      0 |      0 |     61 |   3 |   42.7 |
               +--------+--------+--------+--------+--------+-----+--------+

Top non-repeatable levels by time:
     D:1: 1315 daAuts
     D:2: 584 daAuts
     D:3: 399 daAuts
 Abyss:3: 93 daAuts
 Abyss:2: 31 daAuts
 Abyss:1: 3 daAuts
